 Dungeon Crawl Stone Soup version 0.31-a0-152-g6aa68a64a1 (webtiles) character file.

Game seed: 9140250552354290073

1592118 Ge0ff the Merfolk-At-Arms (level 27, 229/229 HPs)
             Began as a Merfolk Delver on June 9, 2023.
             Was a Believer of Okawaru.
             Escaped with the Orb
             ... and 3 runes on June 10, 2023!
             The game lasted 03:35:57 (81113 turns).

Ge0ff the Merfolk-At-Arms (Merfolk Delver)         Turns: 81113, Time: 03:35:57

Health: 229/229    AC: 47    Str: 26    XL:     27
Magic:  29/29      EV: 19    Int: 16    God:    Okawaru [**....]
Gold:   9251       SH:  0    Dex: 16    Spells: 34/46 levels left

rFire   + + .        a - +9 demon trident (heavy)
rCold   + . .        (no shield)
rNeg    + + +        p - +7 storm dragon scales "Qinon" {Rampage rElec rCorr Int+3}
rPois   +            O - +1 helmet of Sizism {Rampage rPois rN++ MP-9}
rElec   +            Q - +2 cloak {Will+}
rCorr   +            e - +2 pair of gloves {rF+}
SInv    +            A - +2 pair of boots {rF+}
Will    +++..        x - amulet of guardian spirit
Stlth   +            G - ring of the Tortoise {AC+8}
HPRegen 0.58/turn    S - ring "Hohuf" {Drain rC+ rN+++ Slay+2, =R}
MPRegen 0.21/turn

%: guardian spirit, rampage
@: studying 3 skills
A: (nimble swimmer 2), mertail, iridescent scales 1, see invisible, clever 1,
strong 1, evolution 1
0: Orb of Zot
}: 3/15 runes: decaying, serpentine, silver
a: Renounce Religion, Heroism


You escaped.
You worshipped Okawaru.
Okawaru was pleased with you.
You visited 11 branches of the dungeon, and saw 51 of its levels.
You visited the Abyss 1 time.
You also visited: Bailey and Ice Cave.

You collected 12442 gold pieces.
You spent 3191 gold pieces at shops.

Inventory:

Hand Weapons
 a - a +9 heavy demon trident (weapon)
 b - the +8 halberd of Guile {drain, rC- rN+ Int+6 SInv}
   (Okawaru gifted it to you on level 10 of the Dungeon)

   Int:       It affects your intelligence (+6).
   rC:        It makes you vulnerable to cold.
   rN:        It protects you from negative energy.
   SInv:      It lets you see invisible.
 h - the +7 lajatang of Order {silver, rMut}
   (Okawaru gifted it to you on level 9 of the Dungeon)

   rMut:      It protects you from mutation.
 w - a +6 trishula of holy wrath
Missiles
 g - 3 throwing nets {=F}
 k - 29 silver javelins
 v - 7 curare-tipped darts {=F}
 D - 20 atropa-tipped darts
 J - a boomerang (quivered)
 L - 27 javelins
Armour
 e - a +2 pair of gloves of fire resistance (worn)
 p - the +7 storm dragon scales "Qinon" (worn) {Rampage rElec rCorr Int+3}
   (You found it on level 12 of the Dungeon)

   Int:       It affects your intelligence (+3).
   rElec:     It insulates you from electricity.
   rCorr:     It protects you from acid and corrosion.
   Rampage:   It bestows one free step when moving towards enemies.
 A - a +2 pair of boots of fire resistance (worn)
 O - the +1 helmet of Sizism (worn) {Rampage rPois rN++ MP-9}
   (You found it on level 2 of the Vaults)

   rPois:     It protects you from poison.
   rN:        It greatly protects you from negative energy.
   MP:        It affects your magic capacity (-9).
   Rampage:   It bestows one free step when moving towards enemies.
 Q - a +2 cloak of willpower (worn)
 U - a +5 kite shield of fire resistance
Jewellery
 c - the ring "Cocoihus" {rPois Will- MP+9 Int+3 Slay+2}
   (You took it off a deep elf death mage on level 3 of the Elven Halls)

   [ring of magical power]

   Int:       It affects your intelligence (+3).
   Slay:      It affects your accuracy & damage with ranged weapons and melee
   (+2).
   rPois:     It protects you from poison.
   MP:        It affects your magic capacity (+9).
   Will:      It decreases your willpower.
 d - the ring of Ruilisat {Wiz Will+ Dex+3}
   (You found it on level 2 of the Elven Halls)

   [ring of wizardry]

   It improves your spell success rate.
   Dex:       It affects your dexterity (+3).
   Will:      It increases your willpower.
 i - the ring of the Barracuda {Fire rCorr Slay+3}
   (You found it on level 1 of the Lair of Beasts)

   [ring of fire]

   It enhances your fire magic.
   Slay:      It affects your accuracy & damage with ranged weapons and melee
   (+3).
   rF:        It protects you from fire.
   rC:        It makes you vulnerable to cold.
   rCorr:     It protects you from acid and corrosion.
 x - an amulet of guardian spirit (around neck)
 G - the ring of the Tortoise (left hand) {AC+8}
   (You took it off an ogre mage on level 12 of the Dungeon)

   [ring of protection]

   AC:        It affects your AC (+8).
 I - the amulet "Iddasy" {Faith Dex+2}
   (You found it on level 14 of the Dungeon)

   [amulet of faith]

   It allows you to gain divine favour quickly.
   Dex:       It affects your dexterity (+2).
 P - the ring "Siek" {rC++ SInv}
   (You took it off an orc warrior on level 5 of the Vaults)

   [ring of see invisible]

   rC:        It greatly protects you from cold.
   SInv:      It lets you see invisible.
 S - the ring "Hohuf" (right hand) {Drain rC+ rN+++ Slay+2, =R}
   (You found it on level 14 of the Dungeon)

   [ring of protection from cold]

   Slay:      It affects your accuracy & damage with ranged weapons and melee
   (+2).
   rC:        It protects you from cold.
   rN:        It renders you almost immune to negative energy.
   Drain:     It drains your maximum health when unequipped.
 Y - a ring of protection from fire
Wands
 j - a wand of quicksilver (49)
 r - a wand of roots (14)
 s - a wand of mindburst (10)
Scrolls
 m - 2 scrolls of magic mapping
 y - a scroll of immolation
 B - 2 scrolls of blinking
 C - 2 scrolls of poison
 E - 3 scrolls of fear
 F - 7 scrolls of fog
 T - 21 scrolls of teleportation
 V - 7 scrolls of vulnerability
Potions
 o - 2 potions of ambrosia
 q - 16 potions of curing
 u - 12 potions of mutation {!q}
 z - 9 potions of brilliance
 H - 2 potions of haste {!q}
 K - 3 potions of magic {!q}
 M - 7 potions of might
 N - 2 potions of cancellation {!q}
 R - a potion of resistance
 W - 5 potions of heal wounds {!q}
 X - 9 potions of enlightenment
 Z - 7 potions of berserk rage {!q}
Miscellaneous
 l - a lightning rod (4/4)
 n - a phial of floods
 t - a tin of tremorstones (1/2)


   Skills:
 - Level 21.5 Fighting
 - Level 19.8(20.0) Polearms
 - Level 2.0(8.8) Staves
 - Level 20.0 Throwing
 - Level 15.0 Armour
 - Level 21.5 Dodging
 - Level 12.0 Stealth
 - Level 10.0 Spellcasting
 - Level 12.0 Hexes
 - Level 12.0 Translocations
 - Level 10.0 Air Magic
 + Level 22.7 Invocations
 + Level 16.2 Evocations


You had 34 spell levels left.
You knew the following spells:

 Your Spells              Type           Power      Damage    Failure   Level
g - Apportation           Tloc           92%        N/A       1%          1
B - Blink                 Tloc           92%        N/A       1%          2
C - Manifold Assault      Tloc           46%        N/A       2%          4
I - Silence               Hex/Air        21%        N/A       11%         5

Your spell library contained the following spells:

 Spells                   Type           Power      Damage    Failure   Level
 Slow                     Hex            100%       N/A       1%          1
 Lesser Beckoning         Tloc           92%        N/A       1%          2
 Confusing Touch          Hex            46%        N/A       1%          3
 Gell's Gravitas          Tloc           46%        N/A       1%          3
 Portal Projectile        Hex/Tloc       92%        N/A       1%          3
 Teleport Other           Tloc           46%        N/A       1%          3
 Vhi's Electric Charge    Tloc/Air       86%        N/A       1%          3
 Cause Fear               Hex            23%        N/A       2%          4
 Passage of Golubria      Tloc           46%        N/A       2%          4
 Momentum Strike          Conj/Tloc      54%        3d9       4%          2
 Airstrike                Air            20%        2d(3-19)  5%          4
 Static Discharge         Conj/Air       48%        2-4/arc   7%          2
 Dazzling Flash           Conj/Hex       54%        N/A       9%          3
 Inner Flame              Hex/Fire       27%        N/A       9%          3
 Volatile Blastmotes      Fire/Tloc      54%        2d14      9%          3
 Cigotuvi's Dreadful Rot  Necr/Pois/Air  36%        N/A       14%         2
 Anguish                  Hex/Necr       13%        N/A       28%         4
 Fulminant Prism          Conj/Hex       13%        3d9       28%         4
 Iskenderun's Mystic Bla  Conj/Tloc      27%        2d7       28%         4
 Leda's Liquefaction      Hex/Erth       13%        N/A       28%         4
 Kiss of Death            Conj/Necr      32%        2d7       34%         1
 Magic Dart               Conj           32%        1d4       34%         1
 Necrotise                Necr           32%        1d5       34%         1
 Dispersal                Tloc           23%        N/A       36%         6
 Scorch                   Fire           16%        2d5       45%         2
 Searing Ray              Conj           16%        2d5       45%         2
 Sublimation of Blood     Necr           8%         N/A       45%         2
 Wereblood                Tmut           8%         N/A       45%         2
 Metabolic Englaciation   Hex/Ice        13%        N/A       63%         5
 Yara's Violent Unravell  Hex/Tmut       13%        3d7       63%         5
 Frozen Ramparts          Ice            16%        1d3       71%         3
 Ignite Poison            Fire/Tmut/Pois 8%         N/A       71%         3
 Ozocubu's Armour         Ice            8%         N/A       71%         3
 Stone Arrow              Conj/Erth      16%        3d8       71%         3
 Vampiric Draining        Necr           8%         2d6       71%         3
 Arcjolt                  Conj/Air       12%        1d22      77%         5
 Enfeeble                 Hex            23%        N/A       91%         7
 Freezing Cloud           Conj/Ice/Air   9%         6-21      94%         5
 Flame Wave               Conj/Fire      8%         2d5       98%         4
 Sticky Flame             Conj/Fire      8%         2d3       98%         4
 Agony                    Necr           8%         N/A       100%        5
 Alistair's Intoxication  Tmut/Pois      5%         N/A       100%        5
 Blade Hands              Tmut           4%         N/A       100%        5
 Borgnjor's Vile Clutch   Necr/Erth      4%         N/A       100%        5
 Iskenderun's Battlesphe  Conj           8%         2d6       100%        5
 Lee's Rapid Deconstruct  Erth           4%         3d5*      100%        5
 Conjure Ball Lightning   Conj/Air       12%        3x3d6     100%        6
 Eringya's Noxious Bog    Tmut/Pois      4%         N/A       100%        6
 Leda's Unmaking          Conj/Erth      4%         9d2       100%        6
 Plasma Beam              Fire/Air       12%        2x1d23    100%        6
 Starburst                Conj/Fire      4%         6d3       100%        6
 Statue Form              Tmut/Erth      5%         N/A       100%        6
 Ozocubu's Refrigeration  Ice            4%         4d8       100%        7
 Discord                  Hex            23%        N/A       100%        8
 Disjunction              Tloc           23%        N/A       100%        8
 Ignition                 Fire           4%         3d4       100%        8
 Lehudib's Crystal Spear  Conj/Erth      4%         10d3      100%        8
 Fire Storm               Conj/Fire      4%         8d1       100%        9
 Polar Vortex             Ice            4%         N/A       100%        9
 Tukima's Dance           Hex            Unusable   N/A       N/A         3
 Summon Guardian Golem    Hex/Summ       Unusable   N/A       N/A         3
 Summon Small Mammal      Summ           Unusable   N/A       N/A         1
 Summon Lightning Spire   Summ/Air       Unusable   N/A       N/A         4
 Summon Forest            Summ/Tloc      Unusable   N/A       N/A         5
 Call Canine Familiar     Summ           Unusable   N/A       N/A         3
 Animate Armour           Summ/Erth      Unusable   N/A       N/A         4
 Animate Dead             Necr           Unusable   N/A       N/A         4
 Death Channel            Necr           Unusable   N/A       N/A         6
 Simulacrum               Ice/Necr       Unusable   N/A       N/A         6
 Summon Cactus Giant      Summ           Unusable   N/A       N/A         6
 Spellforged Servitor     Conj/Summ      Unusable   N/A       N/A         7
 Summon Hydra             Summ           Unusable   N/A       N/A         7

Dungeon Overview and Level Annotations

Branches:
Dungeon (15/15)            Temple (1/1) D:5            Lair (5/5) D:11
  Swamp (4/4) Lair:3        Snake (4/4) Lair:2        Slime (0/5) Lair:4
    Orc (2/2) D:12            Elf (3/3) Orc:2        Vaults (5/5) D:14
  Crypt (3/3) Vaults:3       Tomb (0/3) Crypt:3      Depths (4/4) D:15
    Zot (5/5) Depths:4     Bailey (visited)           IceCv (visited)

Altars:
Ashenzari
Cheibriados
Dithmenos
Elyvilon
Fedhas
Gozag
Hepliaklqana
Kikubaaqudgha
Makhleb
Nemelex Xobeh
Okawaru
Qazlal
Ru
Sif Muna
Trog
Uskayaw
Vehumet
Wu Jian
Xom
Yredelemnul
Zin
The Shining One
Jiyva

Shops:
D:2 (   D:5 *   D:6 :   D:12 [   D:15 (   Orc:2 [**=(   Snake:1 (   Vaults:3 (
Vaults:4 :   Depths:1 *   Depths:4 [?![

Portals:
Hell: Depths:1 Depths:2 Depths:3 Depths:4
Abyss: Depths:2 Depths:3
Pandemonium: Depths:1 Depths:2
Ziggurat: Depths:1


Innate Abilities, Weirdness & Mutations

((You are very nimble when in or above water. (Stealth+, EV+, Speed+++)))
Your lower body shifts to a powerful aquatic tail in water.
You are partially covered in iridescent scales. (AC +2)
You have supernaturally acute eyesight. (SInv)
Your mind is acute. (Int +4, Str/Dex -1)
Your muscles are strong. (Str +4, Int/Dex -1)
You have hidden genetic potential.


Message History

There is a staircase leading out of the dungeon here.
You see here the amulet "Iddasy" {Faith Dex+2}.
I - the amulet "Iddasy" {Faith Dex+2} Annotate which branch? (. - D:1, ? - help, ! - show branch list) Current level annotation: faith near exit!
New annotation for D:1 (include '!' for warning): Cleared annotation.
Really put on
I - the amulet "Iddasy" {Faith Dex+2}?
You start removing your amulet.
You continue taking off your amulet of guardian spirit. x4
You finish taking off your amulet of guardian spirit.
You start putting on your amulet.
You continue putting on the amulet "Iddasy" {Faith Dex+2}. x5
You finish putting on the amulet "Iddasy" {Faith Dex+2}.
You feel a surge of divine interest.
You feel agile.
I - the amulet "Iddasy" (around neck) {Faith Dex+2} Really remove
I - the amulet "Iddasy" {Faith Dex+2}?
You start removing your amulet.
You continue taking off the amulet "Iddasy" {Faith Dex+2}. x4
You finish taking off the amulet "Iddasy" {Faith Dex+2}.
Okawaru seems less interested in you.
You feel less pious.
You can no longer speed up your combat.
Really put on
I - the amulet "Iddasy" {Faith Dex+2}?
You start putting on your amulet.
You continue putting on the amulet "Iddasy" {Faith Dex+2}. x3
Keep equipping yourself? [Y]es or [N]o only, please.
Keep equipping yourself?
You continue putting on the amulet "Iddasy" {Faith Dex+2}. x2
You finish putting on the amulet "Iddasy" {Faith Dex+2}.
You feel a surge of divine interest.
You feel agile.
I - the amulet "Iddasy" (around neck) {Faith Dex+2} You skewer the large abomination like a kebab!!!
You destroy the large abomination!
Okawaru accepts your kill.
Really remove
I - the amulet "Iddasy" {Faith Dex+2}?
You start removing your amulet.
You continue taking off the amulet "Iddasy" {Faith Dex+2}. x4
You finish taking off the amulet "Iddasy" {Faith Dex+2}.
Okawaru seems less interested in you.
You feel less pious.
Okawaru will no longer gift you throwing weapons.
You start putting on your amulet.
You continue putting on your amulet of guardian spirit. x5
You finish putting on your amulet of guardian spirit.
You feel your power drawn to a protective spirit.
x - an amulet of guardian spirit (around neck)
There is a staircase leading out of the dungeon here.
You have escaped!

.....# ##...## #.# # .###.#
##+## #.##### # .###.# #.##
#.....# # ..##.#
####..###########.# #
..##.# #...............#.#
# ..##.#
#..##♣♣♣.♣♣♣##..#.# #
.....# #..# ♣⌠♣ #..#.# #
#.#######..♣♣♣♣♣.♣♣♣♣♣....#
#
#......##.....⌠.@.⌠.....###
######.##..♣♣♣♣♣.♣♣♣♣♣..#
#.....# ♣⌠♣ #..##
###...##♣♣♣.♣♣♣##...#
##................#
####....#######..# ###
#..### ##.## #.. #.## #..#
#.# ###### ##.#########.##
#.#


There were no monsters in sight!

Vanquished Creatures
  6 dread liches
  8 ancient liches
  5 orbs of fire (Zot:5)
  A juggernaut (Depths:4)
  Mennas (Depths:3)
  Mara (Depths:2)
  Josephina (Crypt:1)
  3 Killer Klowns (Zot:5)
  Bai Suzhen (Depths:2)
  A curse toe (Zot:3)
  Vashnia (Snake:2)
  13 golden dragons
  The ghost of Owosan the Earth Mage, a veteran GnHW of Vehumet (Crypt:1)
  5 caustic shrikes (Depths:4)
  the Enchantress (Depths:3)
  A profane servitor (Crypt:3)
  3 electric golems
  A bone dragon (Crypt:3)
  Rupert (Lair:5)
  Mlioglotl (Swamp:2)
  22 tentacled monstrosities
  Jorgrun (Swamp:2)
  26 Orb Guardians
  Asterion (Snake:3)
  7 quicksilver dragons
  4 liches
  2 deep elf master archers (Elf:3)
  6 titans
  2 deep elf blademasters (Elf:2)
  2 sphinxes
  2 ancient champions
  11 death cobs
  Frances (D:12)
  Kirke (Elf:1)
  14 storm dragons
  9 shadow dragons
  5 tengu reavers
  Roxanne (Snake:2)
  A thorn hunter (Swamp:4)
  8 fire giants
  A revenant (Crypt:2)
  8 draconian monks
  4 nagarajas (Snake:4)
  A fenstrider witch (Swamp:3)
  7 draconian knights
  7 deep elf sorcerers
  2 daevas (Depths:1)
  17 vault wardens
  A draconian scorcher (Zot:3)
  3 iron dragons
  3 ghost moths
  Aizul (Snake:2)
  8 frost giants
  9 deep elf elementalists
  2 curse skulls (Crypt:3)
  11 draconian stormcallers
  A balrug (Depths:2)
  11 draconian shifters
  4 orc warlords
  13 ghouls
  An angel (Depths:1)
  3 formless jellyfish
  A caustic shrike skeleton (Depths:2)
  6 draconian annihilators
  6 ironbound thunderhulks
  4 war gargoyles
  A juggernaut skeleton (Crypt:1)
  A quicksilver ooze (shapeshifter) (Vaults:5)
  A reaper (Depths:2)
  5 spriggan defenders (Depths:3)
  15 stone giants
  26 ironbound preservers
  2 vampire knights
  4 deep elf demonologists
  26 very ugly things
  19 purple draconians
  18 green draconians
  4 bunyips
  4 dire elephants (Vaults:1)
  18 black draconians
  18 yellow draconians
  13 white draconians
  6 eleionomae
  Azrael (D:12)
  7 deep elf annihilators
  5 spark wasps
  18 red draconians
  The ghost of qborf the Destroyer, a journeyman DgCj (Lair:1)
  7 eidola
  The ghost of GrimJard the Impaler, a journeyman MfGl of Jiyva (Lair:2)
  A blizzard demon (Depths:2)
  A crystal guardian (D:14)
  12 deep elf death magi
  A mummy priest (Crypt:3)
  2 green deaths (Swamp:4)
  11 ettins
  7 fire dragons
  A quicksilver dragon zombie (Crypt:3)
  6 jiangshi
  11 deep elf high priests
  3 spriggan zombies
  4 ice dragons
  2 shambling mangroves
  2 entropy weavers
  4 great orbs of eyes
  11 yaktaur captains
  Harold (D:9)
  33 vault guards
  3 anacondas
  2 rakshasas
  Erolcha (D:10)
  2 salamander tyrants (Snake:4)
  5 peacekeepers
  16 hydras
  A quicksilver dragon skeleton (Crypt:1)
  2 ogre magi (D:12)
  6 ghost crabs
  22 centaur warriors
  6 ironbound frosthearts
  4 death knights
  Erica (D:9)
  3 spriggan air magi
  20 dancing weapons
  9 boulder beetles
  14 naga warriors
  A vampire mage (Depths:2)
  A bennu skeleton (Crypt:1)
  3 alligators
  4 hell hogs (Depths:2)
  An orc high priest (Orc:2)
  4 deep troll shamans
  A titan zombie (Crypt:1)
  8 deep troll earth magi
  10 two-headed ogres
  4 shock serpents
  21 tengu warriors
  2 thrashing horrors (Swamp:4)
  12 naga sharpshooters
  6 soul eaters
  Urug (Orc:1)
  16 hell knights
  8 sun demons
  8 spriggan berserkers
  A fire crab (shapeshifter) (Vaults:5)
  A storm dragon zombie (Depths:2)
  19 deep elf knights
  6 iron trolls
  An iron troll (shapeshifter) (Vaults:5)
  A skyshark (Lair:4)
  3 salamander mystics
  A spectral death yak (Lair:3)
  A skyshark (shapeshifter) (Elf:1)
  A bunyip zombie (Crypt:3)
  21 skeletal warriors
  Amaemon (Lair:2)
  3 sixfirhies
  An anaconda zombie (Crypt:3)
  99 deep trolls
  A spriggan druid (Swamp:3)
  The ghost of Flugkiller the Vexing, a novice OpWn of Gozag (D:8)
  10 flayed ghosts
  5 glowing orange brains
  Lodul (D:14)
  3 goliath frogs
  A spectral hydra (Lair:3)
  8 bog bodies
  11 deep elf archers
  14 ironbound convokers
  10 lindwurms
  5 naga ritualists
  2 quicksilver dragon simulacra (Depths:2)
  An obsidian statue (Zot:5)
  28 deep elf zephyrmancers
  14 necromancers
  5 harpies (Vaults:1)
  15 wizards
  2 harpies (shapeshifter)
  24 deep elf pyromancers
  6 swamp dragons
  Pikel (D:6)
  20 phantasmal warriors
  A shadow dragon zombie (Crypt:2)
  5 mana vipers
  2 oklob plants
  4 wolf spiders (Crypt:3)
  41 ugly things
  14 orc knights
  2 orc sorcerers (Orc:2)
  An iron dragon zombie (Crypt:3)
  14 salamanders
  A frost giant zombie (Crypt:2)
  6 cyclopes
  A stone giant zombie (Crypt:3)
  A fire giant zombie (Crypt:2)
  5 manticores
  5 centaur zombies
  2 will-o-the-wisps
  A rust devil (Zot:4)
  24 vault sentinels
  3 guardian serpents
  Maurice (D:9)
  27 moths of wrath
  A titan simulacrum (Crypt:1)
  A guardian serpent (shapeshifter) (D:13)
  17 cane toads
  14 naga magi
  A dire elephant zombie (Crypt:3)
  24 black mambas
  5 orange demons
  A gargoyle (D:12)
  3 hellions
  2 ice statues
  A storm dragon simulacrum (Depths:2)
  A dire elephant skeleton (Crypt:1)
  A smoke demon (Depths:2)
  2 unseen horrors
  An unseen horror (shapeshifter) (Vaults:5)
  Maggie (D:9)
  A yellow draconian zombie (Crypt:2)
  2 centaur skeletons
  A komodo dragon (shapeshifter) (D:15)
  3 efreet
  5 rime drakes
  10 komodo dragons
  26 yaktaurs
  A yaktaur (shapeshifter) (D:13)
  A guardian mummy (Crypt:3)
  18 ice devils
  12 freezing wraiths
  A kobold demonologist (Elf:1)
  A green draconian skeleton (Crypt:2)
  9 tengu conjurers
  A queen bee (Lair:2)
  2 bloated husks
  A polar bear (Lair:4)
  7 harpy zombies
  5 trolls
  A hellwing (Depths:1)
  2 meliai
  A snapping turtle (D:14)
  8 tyrant leeches
  Prince Ribbit (D:7)
  A satyr zombie (Crypt:1)
  An ettin zombie (Crypt:3)
  13 hornets
  30 blink frogs
  10 dream sheep
  A snapping turtle (shapeshifter) (Vaults:5)
  A frost giant simulacrum (Vaults:2)
  2 jumping spiders (Crypt:3)
  A jumping spider (shapeshifter) (D:12)
  A black mamba zombie (Crypt:1)
  37 slime creatures
  8 spriggans
  2 vampires
  An air elemental (Elf:1)
  2 shadows
  9 wraiths
  8 wyverns
  2 centaur simulacra (D:13)
  An ettin skeleton (Crypt:1)
  2 ushabtiu (Crypt:3)
  4 hogs (Elf:1)
  An alligator snapping turtle simulacrum (Crypt:1)
  2 basilisks
  46 yaks
  3 water elementals
  10 fire elementals
  3 hogs (shapeshifter)
  5 dire elephant simulacra
  A redback (shapeshifter) (Vaults:5)
  A steam dragon (D:8)
  21 vampire mosquitoes
  3 chaos spawn
  A neqoxec (Depths:1)
  2 yaktaur simulacra
  8 redbacks
  21 swamp worms
  6 death yak simulacra (IceCv)
  8 wargs
  A large abomination (D:1)
  45 nagas
  A glowing shapeshifter zombie (Crypt:2)
  A harpy simulacrum (Crypt:1)
  A hydra simulacrum (IceCv)
  11 water moccasins
  3 acid dragons
  7 hell hounds
  2 human skeletons
  A floating eye (Depths:1)
  A sky beast (D:7)
  7 swamp drakes
  A meliai simulacrum (D:14)
  A spectral blink frog (Lair:3)
  36 orc warriors
  A black bear (shapeshifter) (Elf:1)
  An ice beast (D:7)
  4 ettin simulacra (Depths:2)
  4 black bears
  8 boggarts
  11 ogres
  10 wolves (Lair:1)
  18 centaurs
  4 phantoms
  2 lemures (D:6)
  5 kobold brigands
  25 bullfrogs
  2 earth elementals (Elf:2)
  A gnoll sergeant (D:8)
  A wyvern zombie (Crypt:1)
  5 cane toad simulacra
  A komodo dragon skeleton (Crypt:1)
  2 two-headed ogre simulacra (IceCv)
  A glowing shapeshifter simulacrum (Depths:2)
  14 necrophages
  5 scorpions
  20 wights
  12 wyvern skeletons
  2 elephant simulacra (IceCv)
  8 killer bees
  12 howler monkeys
  A shapeshifter skeleton (Crypt:1)
  4 electric eels
  A rime drake simulacrum (Lair:1)
  A wyvern simulacrum (Lair:1)
  3 hounds
  A komodo dragon simulacrum (Lair:1)
  27 orc priests
  2 gnoll boudas
  3 jellies
  3 iguanas
  3 sleepcaps
  4 polar bear simulacra
  28 orc wizards
  A spriggan simulacrum (IceCv)
  A yak simulacrum (Lair:1)
  5 wolf simulacra (IceCv)
  4 naga zombies
  A bullfrog simulacrum (Lair:1)
  A basilisk simulacrum (Lair:1)
  6 gnolls
  4 adders
  2 naga simulacra
  2 white imps
  3 ufetubi
  A worm (D:4)
  6 dart slugs
  94 orcs
  4 endoplasms
  A giant cockroach (D:1)
  12 goblins
  6 hobgoblins
  2 jackals (D:4)
  2 quokkas
  5 ball pythons
  4 bats
  5 frilled lizards
  A jackal zombie (Crypt:1)
  14 kobolds
  4 rats
2433 creatures vanquished.

Vanquished Creatures (others)
  A draconian knight (Zot:4)
  A draconian stormcaller (Zot:5)
  An eleionoma (Swamp:2)
  A red draconian (Zot:1)
  A deep elf knight (Elf:2)
  A shadow wraith (Depths:2)
  A deep troll (Vaults:3)
  A wizard (D:14)
  A deep elf pyromancer (Elf:1)
  A tengu conjurer (Depths:2)
  A yaktaur (D:15)
  A bloated husk (Swamp:2)
  2 tyrant leeches (Swamp:2)
  A slime creature (D:14)
  8 foxfires
23 creatures vanquished.

Grand Total: 2456 creatures vanquished

Notes
Turn   | Place    | Note
-------+----------+-------------------------------------------
     0 | D:5      | Ge0ff the Merfolk Delver began the quest for the Orb.
     0 | D:5      | Reached XP level 1. HP: 18/18 MP: 1/1
    99 | D:4      | Reached XP level 2. HP: 12/24 MP: 2/2
   250 | D:5      | Reached XP level 3. HP: 29/29 MP: 3/3
   274 | D:5      | Reached skill level 5 in Polearms
   443 | D:4      | Reached XP level 4. HP: 35/37 MP: 4/4
   482 | D:4      | Noticed a phantom
   519 | D:3      | Found a faded altar of an unknown god.
   565 | D:3      | Noticed Terence
   738 | D:3      | Terence changed into Terence the quokka
   738 | D:3      | Noticed Terence
   742 | D:3      | Killed Terence the quokka
   802 | D:3      | Found a sacrificial altar of Ru.
  2474 | D:2      | Found Kiuxeczy's Weapon Shoppe.
  2701 | D:2      | Reached skill level 1 in Armour
  2731 | D:2      | Reached XP level 5. HP: 42/42 MP: 5/5
  2894 | D:4      | Killed a phantom
  2953 | D:4      | Reached XP level 6. HP: 47/48 MP: 6/6
  3684 | D:5      | Found a hide-covered altar of Uskayaw.
  3724 | D:5      | Found a shadowy altar of Dithmenos.
  3749 | D:5      | Found a staircase to the Ecumenical Temple.
  3754 | Temple   | Entered the Ecumenical Temple
  3813 | Temple   | Became a worshipper of Warmaster Okawaru
  3890 | D:5      | Reached XP level 7. HP: 32/55 MP: 7/7
  4184 | D:5      | Reached skill level 5 in Fighting
  4354 | D:5      | Reached * piety under Okawaru
  4385 | D:5      | Found a burning altar of Makhleb.
  4408 | D:5      | Found Vodgh's Assorted Antiques.
  4425 | D:5      | Bought an amethyst potion for 27 gold pieces
  4425 | D:5      | Bought a scroll labelled HECUBR OTSAYMU for 30 gold pieces
  4425 | D:5      | Bought a scroll labelled USKYEXTUBAT for 30 gold pieces
  4425 | D:5      | Bought a tapered lead wand for 120 gold pieces
  4425 | D:5      | Bought a scroll of identify for 60 gold pieces
  4425 | D:5      | Bought a scroll of fear for 120 gold pieces
  4913 | D:6      | Reached XP level 8. HP: 59/64 MP: 8/8
  4956 | D:6      | Found Cywaudol's Book Shoppe.
  5065 | D:6      | Found a hazy altar of Hepliaklqana.
  5066 | D:6      | Found a shimmering altar of Xom.
  5067 | D:6      | Noticed a spectral ugly thing
  5083 | D:6      | Reached skill level 10 in Polearms
  5416 | D:6      | Noticed Pikel
  5436 | D:6      | Reached ** piety under Okawaru
  5482 | D:6      | Killed Pikel
  5482 | D:6      | Reached *** piety under Okawaru
  5566 | D:6      | Reached XP level 9. HP: 74/74 MP: 9/9
  5839 | D:7      | Noticed a sixfirhy
  5839 | D:7      | Found a runed translucent door.
  5851 | D:7      | Found a glowing silver altar of Zin.
  6078 | D:7      | Found a white marble altar of Elyvilon.
  6151 | D:7      | Noticed Prince Ribbit
  6162 | D:7      | Killed Prince Ribbit
  6777 | D:8      | Reached **** piety under Okawaru
  6808 | D:8      | Found a flagged portal.
  6838 | D:8      | Reached XP level 10. HP: 55/84 MP: 10/10
  6940 | D:8      | Reached skill level 10 in Fighting
  6967 | Bailey   | Entered a bailey
  7123 | Bailey   | Noticed an orc knight
  7165 | Bailey   | Killed an orc knight
  7166 | Bailey   | Reached skill level 1 in Invocations
  7166 | Bailey   | Reached skill level 1 in Evocations
  7166 | Bailey   | Reached ***** piety under Okawaru
  7318 | Bailey   | Found a large runed translucent door.
  7318 | Bailey   | Found a large runed translucent door.
  7319 | Bailey   | Noticed a deep elf pyromancer
  7395 | Bailey   | Killed a deep elf pyromancer
  7395 | Bailey   | Received a gift from Okawaru
  7396 | Bailey   | Reached skill level 2 in Invocations
  7396 | Bailey   | Found the +18 Lear's hauberk
  7425 | Bailey   | Identified the +0 whip "Ufoben" {freeze, rCorr}
  7443 | Bailey   | Identified a scroll of acquirement
  7443 | Bailey   | Acquired 705 gold pieces
  7706 | D:8      | Found a runed translucent gate.
  7706 | D:8      | Noticed Flugkiller's ghost (novice OpWn)
  7707 | D:8      | Found a runed translucent gate.
  7708 | D:8      | Found a runed translucent gate.
  7725 | D:8      | Killed Flugkiller's ghost
  7726 | D:8      | Reached skill level 3 in Invocations
  7763 | D:8      | Identified the +0 pair of gloves "Toki Mum" {-Cast rElec
                  | Will- Str+4}
  8268 | D:9      | Noticed Maurice
  8274 | D:9      | Reached skill level 4 in Invocations
  8274 | D:9      | Reached XP level 11. HP: 92/92 MP: 12/14
  8293 | D:9      | Killed Maurice
  8306 | D:9      | Noticed Maggie
  8413 | D:9      | Killed Maggie
  8529 | D:9      | Noticed a two-headed ogre
  8535 | D:9      | Killed a two-headed ogre
  8536 | D:9      | Reached skill level 5 in Invocations
  8833 | D:9      | Noticed Harold
  8844 | D:9      | Killed Harold
  8845 | D:9      | Reached skill level 5 in Armour
  8845 | D:9      | Reached skill level 5 in Evocations
  8856 | D:9      | Noticed a two-headed ogre
  8867 | D:9      | Killed a two-headed ogre
  8876 | D:9      | Reached skill level 6 in Invocations
  8876 | D:9      | Noticed a two-headed ogre
  8884 | D:9      | Killed a two-headed ogre
  8903 | D:9      | Noticed a deep elf pyromancer
  8918 | D:9      | Killed a deep elf pyromancer
  9033 | D:9      | Noticed a two-headed ogre
  9048 | D:9      | Killed a two-headed ogre
  9072 | D:9      | Reached skill level 7 in Invocations
  9101 | D:9      | Reached XP level 12. HP: 102/102 MP: 17/17
  9382 | D:9      | Noticed Erica
  9392 | D:9      | Killed Erica
  9393 | D:9      | Reached skill level 1 in Throwing
  9685 | D:9      | Identified the staff of conjuration "Nilaasch" {rC++ Str+3
                  | Dex+2}
  9685 | D:9      | Noticed a centaur warrior
  9709 | D:9      | Killed a centaur warrior
  9743 | D:9      | Noticed a boulder beetle
  9757 | D:9      | Killed a boulder beetle
  9757 | D:9      | Received a gift from Okawaru
  9758 | D:9      | Found the +7 lajatang of Order {silver, rMut}
  9875 | D:9      | Noticed a centaur warrior
  9883 | D:9      | Killed a centaur warrior
  9955 | D:9      | Got the Incunable of the Crystalline Serac
  9963 | D:9      | Got the Directory of Non-Euclidean Curses
  9967 | D:9      | Identified the +7 scale mail of Kaohifeg {Str+4}
 10119 | D:10     | Entered Level 10 of the Dungeon
 10128 | D:10     | Reached skill level 1 in Staves
 10164 | D:10     | Noticed a two-headed ogre
 10175 | D:10     | Killed a two-headed ogre
 10176 | D:10     | Reached skill level 8 in Invocations
 10251 | D:10     | Noticed Erolcha
 10259 | D:10     | Killed Erolcha
 10404 | D:10     | Noticed a two-headed ogre
 10414 | D:10     | Killed a two-headed ogre
 10440 | D:10     | Identified the +8 halberd of Guile {drain, rC- rN+ Int+6
                  | SInv} (Okawaru gifted it to you on level 10 of the Dungeon)
 10440 | D:10     | Received a gift from Okawaru
 10925 | D:11     | Reached XP level 13. HP: 97/109 MP: 19/19
 10980 | D:11     | Found a frozen archway.
 10988 | IceCv    | Entered an ice cave
 11471 | IceCv    | Found an ancient bone altar of Kikubaaqudgha.
 11582 | IceCv    | Reached skill level 5 in Dodging
 11592 | IceCv    | Received a gift from Okawaru
 11780 | IceCv    | Reached skill level 9 in Invocations
 12068 | IceCv    | Reached skill level 15 in Fighting
 12068 | IceCv    | Reached XP level 14. HP: 123/123 MP: 20/20
 12091 | IceCv    | Reached skill level 15 in Polearms
 12091 | IceCv    | Reached skill level 5 in Throwing
 12111 | IceCv    | Identified the ring of the Solstice {rN+ Int+4 Dex+2}
 12402 | D:11     | Found a staircase to the Lair.
 12452 | D:11     | Acquired 810 gold pieces
 12985 | D:12     | Found Osiucu's Armour Emporium.
 13013 | D:12     | Bought a +0 helmet of see invisible for 207 gold pieces
 13075 | Lair:1   | Entered Level 1 of the Lair of Beasts
 13232 | Lair:1   | Identified the scarf of the Valley of Death {harm, Int+5}
                  | (Okawaru gifted it to you on level 1 of the Lair of Beasts)
 13232 | Lair:1   | Received a gift from Okawaru
 13597 | Lair:1   | Found a runed translucent gate.
 13598 | Lair:1   | Found a runed translucent gate.
 13599 | Lair:1   | Found a runed translucent gate.
 13625 | Lair:1   | Noticed qborf's ghost (journeyman DgCj)
 13888 | Lair:1   | Killed qborf's ghost
 13959 | Lair:1   | Got the ring of the Barracuda {Fire rCorr Slay+3}
 14002 | Lair:2   | Found a staircase to the Snake Pit.
 14054 | Lair:2   | Found a transporter.
 14058 | Lair:2   | Found a transporter.
 14058 | Lair:2   | Noticed GrimJard's ghost (journeyman MfGl)
 14108 | Lair:2   | Killed GrimJard's ghost
 14212 | Lair:2   | Found an ornate altar of the Wu Jian Council.
 14215 | Lair:2   | Found a hide-covered altar of Uskayaw.
 14304 | Lair:2   | Noticed Amaemon
 14319 | Lair:2   | Reached XP level 15. HP: 129/129 MP: 15/22
 14326 | Lair:2   | Killed Amaemon
 14973 | Lair:3   | Found a staircase to the Swamp.
 14988 | Lair:3   | Reached skill level 10 in Invocations
 15493 | Lair:3   | Received a gift from Okawaru
 16055 | Lair:4   | Found a viscous altar of Jiyva.
 16055 | Lair:4   | Found a staircase to the Slime Pits.
 16313 | Lair:4   | Received a gift from Okawaru
 16906 | Lair:5   | Entered Level 5 of the Lair of Beasts
 17225 | Lair:5   | Noticed Rupert
 17244 | Lair:5   | Killed Rupert
 17274 | Lair:5   | Identified the +9 trident of Spores {drain, rF+ Dex+5}
 18431 | Lair:5   | Reached skill level 11 in Invocations
 19003 | D:12     | Noticed Azrael
 19009 | D:12     | Reached skill level 10 in Evocations
 19013 | D:12     | Killed Azrael
 19013 | D:12     | Received a gift from Okawaru
 19048 | D:12     | Reached XP level 16. HP: 105/138 MP: 20/24
 19520 | D:12     | Found a staircase to the Orcish Mines.
 19521 | D:12     | Noticed Frances
 19545 | D:12     | Killed Frances
 19935 | D:12     | Identified the +7 storm dragon scales "Qinon" {Rampage
                  | rElec rCorr Int+3}
 20071 | Orc:1    | Entered Level 1 of the Orcish Mines
 20071 | Orc:1    | Noticed Urug
 20075 | Orc:1    | Killed Urug
 20547 | Orc:2    | Entered Level 2 of the Orcish Mines
 21172 | Orc:2    | Found Jisithru's Antique Weapon Emporium.
 21264 | Orc:2    | Found Mieroe's Mass Market.
 21273 | Orc:2    | Found a staircase to the Elven Halls.
 21368 | Orc:2    | Found Dazxyuq's General Store.
 21647 | Orc:2    | Found Hoedao Igorgh's Antique Armour Emporium.
 21653 | Orc:2    | Bought a scorched plate armour for 700 gold pieces
 21653 | Orc:2    | Identified the +0 plate armour "Fosefa" {Regen+ Dex+5
                  | Slay-2} (You bought it in a shop on level 2 of the Orcish
                  | Mines)
 21669 | Orc:2    | Found Ezxitice's Jewellery Emporium.
 22743 | D:13     | Found a blossoming altar of Fedhas.
 23075 | D:14     | Noticed Nessos
 23359 | D:14     | Received a gift from Okawaru
 23372 | D:14     | Reached skill level 12 in Invocations
 23519 | D:14     | Found a gate to the Vaults.
 23546 | D:14     | Received a gift from Okawaru
 23596 | D:14     | Reached XP level 17. HP: 114/146 MP: 19/26
 23844 | D:14     | Found a hide-covered altar of Uskayaw.
 23868 | D:14     | Received a gift from Okawaru
 24074 | D:14     | Found a transporter.
 24255 | D:14     | Found a transporter.
 24256 | D:14     | Found the +4 skin of Zhor {*Englaciate rC+++ SInv}
 24259 | D:14     | Identified the ring "Hohuf" {Drain rC+ rN+++ Slay+2}
 24277 | D:14     | Identified the amulet "Iddasy" {Faith Dex+2}
 24312 | D:14     | Nessos changed into Nessos the snapping turtle
 24312 | D:14     | Noticed Nessos
 24319 | D:14     | Killed Nessos the snapping turtle
 24990 | D:14     | Noticed Lodul
 25010 | D:14     | Killed Lodul
 25767 | D:15     | Entered Level 15 of the Dungeon
 25788 | D:15     | Found an iron altar of Okawaru.
 25809 | D:15     | Received a gift from Okawaru
 26123 | D:15     | Found Yna Cot's Antique Weapon Emporium.
 26468 | Abyss:3  | Cast into level 3 of the Abyss (a wizard)
 26484 | D:15     | Escaped the Abyss
 26507 | D:15     | Found a staircase to the Depths.
 27080 | Swamp:1  | Entered Level 1 of the Swamp
 27353 | Swamp:1  | Reached skill level 10 in Throwing
 27440 | Swamp:1  | Identified the +8 battleaxe of Alubbumm {antimagic, +Blink
                  | rElec Int+6 Dex+4}
 27946 | Swamp:2  | Noticed Jorgrun
 28526 | Swamp:3  | Noticed a tentacled monstrosity
 28540 | Swamp:3  | Killed a tentacled monstrosity
 28869 | Swamp:2  | Noticed Mlioglotl
 28877 | Swamp:2  | Killed Jorgrun
 28888 | Swamp:2  | Killed Mlioglotl
 28902 | Swamp:2  | Reached skill level 13 in Invocations
 28915 | Swamp:2  | Received a gift from Okawaru
 29397 | Swamp:4  | Entered Level 4 of the Swamp
 29425 | Swamp:4  | Reached XP level 18. HP: 135/155 MP: 24/27
 29919 | Swamp:4  | Received a gift from Okawaru
 30183 | Swamp:4  | Received a gift from Okawaru
 30304 | Swamp:4  | Noticed a tentacled monstrosity
 30324 | Swamp:4  | Killed a tentacled monstrosity
 30331 | Swamp:4  | Received a gift from Okawaru
 30390 | Swamp:4  | Got a decaying rune of Zot
 30648 | Snake:1  | Entered Level 1 of the Snake Pit
 30790 | Snake:1  | Found Emil's Antique Weapon Shop.
 31223 | Snake:2  | Noticed Aizul
 31237 | Snake:2  | Killed Aizul
 31238 | Snake:2  | Reached skill level 10 in Armour
 31561 | Snake:2  | Noticed Vashnia
 31605 | Snake:2  | Killed Vashnia
 31773 | Snake:2  | Noticed Roxanne
 32376 | Snake:2  | Killed Roxanne
 33130 | Snake:3  | Noticed Asterion
 33151 | Snake:3  | Killed Asterion
 33152 | Snake:3  | Reached XP level 19. HP: 163/163 MP: 25/29
 33321 | Snake:4  | Entered Level 4 of the Snake Pit
 33398 | Snake:4  | Reached skill level 14 in Invocations
 33980 | Snake:4  | Received a gift from Okawaru
 34442 | Snake:4  | Received a gift from Okawaru
 34922 | Snake:4  | Reached skill level 10 in Dodging
 35051 | Snake:4  | Got a serpentine rune of Zot
 35549 | Snake:4  | Learned a level 1 spell: Apportation
 35552 | Snake:4  | Learned a level 2 spell: Blink
 35557 | Snake:4  | Learned a level 4 spell: Manifold Assault
 35799 | Elf:1    | Entered Level 1 of the Elven Halls
 35799 | Elf:1    | Noticed Kirke
 35799 | Elf:1    | Found a runed translucent gate.
 35799 | Elf:1    | Found a runed translucent gate.
 35799 | Elf:1    | Found a runed translucent gate.
 35799 | Elf:1    | Found a runed translucent gate.
 35799 | Elf:1    | Found a runed translucent gate.
 35799 | Elf:1    | Found a runed translucent gate.
 35801 | Elf:1    | Found a runed translucent door.
 35805 | Elf:1    | Killed Kirke
 35807 | Elf:1    | Found a runed translucent door.
 35977 | Elf:1    | Paralysed by an air elemental for 1 turns
 35988 | Elf:1    | Reached skill level 1 in Spellcasting
 36010 | Elf:1    | Reached skill level 1 in Translocations
 37246 | Elf:2    | Received a gift from Okawaru
 37382 | Elf:2    | Reached XP level 20. HP: 141/172 MP: 28/30
 37384 | Elf:2    | Received a gift from Okawaru
 37405 | Elf:2    | Identified the ring of Ruilisat {Wiz Will+ Dex+3}
 37587 | Elf:2    | Found a runed translucent gate.
 37587 | Elf:2    | Found a runed translucent gate.
 37587 | Elf:2    | Found a runed translucent gate.
 38047 | Elf:2    | Found an ancient bone altar of Kikubaaqudgha.
 38218 | Elf:2    | Received a gift from Okawaru
 39018 | Elf:3    | Entered Level 3 of the Elven Halls
 39019 | Elf:3    | Received a gift from Okawaru
 39547 | Elf:3    | Identified the +0 hat "Ramaik" {rC- Str+6} (Okawaru gifted
                  | it to you on level 3 of the Elven Halls)
 39547 | Elf:3    | Received a gift from Okawaru
 39868 | Elf:2    | Reached skill level 15 in Invocations
 40287 | Elf:3    | Identified the +10 plate armour of Qazlal's Supremacy {rC+
                  | Dex-2 Stlth+}
 40722 | Elf:3    | Identified the ring "Cocoihus" {rPois Will- MP+9 Int+3
                  | Slay+2}
 40743 | Elf:3    | Identified the +0 robe of the Shrieking Frog {rPois}
 40864 | Elf:3    | Identified the staff of cold "Dyilorem" {rC+ Str+5}
 40881 | Elf:3    | Identified the +1 chain mail "Cyqaips" {rF+ Str+4}
 40897 | Elf:3    | Identified the ring "Tinoca" {Ice rElec Int-3 Dex+6}
 41186 | Vaults:1 | Entered Level 1 of the Vaults
 41548 | Vaults:1 | Paralysed by a formless jellyfish for 1 turns
 41614 | Vaults:1 | Reached XP level 21. HP: 180/180 MP: 26/32
 41685 | Vaults:1 | Received a gift from Okawaru
 41836 | Vaults:1 | Received a gift from Okawaru
 42461 | Vaults:1 | Received a gift from Okawaru
 42784 | Vaults:2 | Reached skill level 5 in Spellcasting
 43518 | Vaults:2 | Received a gift from Okawaru
 43783 | Vaults:2 | Received a gift from Okawaru
 44717 | Vaults:2 | Identified the ring of Amorality {rC+ Int+5}
 44844 | Vaults:2 | Identified the +1 helmet of Sizism {Rampage rPois rN++
                  | MP-9}
 44957 | Vaults:3 | Found Maismed's Antique Weapon Shop.
 45098 | Vaults:3 | Reached skill level 5 in Translocations
 45388 | Vaults:3 | Received a gift from Okawaru
 45783 | Vaults:3 | Identified the +4 mace "Itureuti" {freeze, rF+ rCorr Int-2}
 45830 | Vaults:3 | Received a gift from Okawaru
 46027 | Vaults:3 | Reached XP level 22. HP: 188/188 MP: 24/33
 46032 | Vaults:3 | Received a gift from Okawaru
 46242 | Vaults:3 | Reached skill level 16 in Invocations
 46602 | Vaults:3 | Received a gift from Okawaru
 46697 | Vaults:3 | Found a staircase to the Crypt.
 47288 | Vaults:3 | Received a gift from Okawaru
 47598 | Vaults:3 | Found a staircase to the Crypt.
 48226 | Vaults:3 | Found Maismed's Antique Weapon Shop.
 48630 | Vaults:4 | Found Vemeuneics's Book Shoppe.
 48728 | Vaults:4 | Received a gift from Okawaru
 49171 | Vaults:4 | Reached skill level 15 in Evocations
 49682 | Vaults:4 | Reached ****** piety under Okawaru
 49743 | Vaults:4 | Received a gift from Okawaru
 50597 | Vaults:4 | Found Vemeuneics's Book Shoppe.
 51070 | Crypt:1  | Entered Level 1 of the Crypt
 51276 | Crypt:1  | Identified the ring of Stoicism {Ice Dex+3}
 51276 | Crypt:1  | Noticed Josephina
 51312 | Crypt:1  | Killed Josephina
 51312 | Crypt:1  | Identified the +0 robe of the Harvest {Will- Str+5}
                  | (Okawaru gifted it to you on level 1 of the Crypt)
 51312 | Crypt:1  | Received a gift from Okawaru
 51546 | Crypt:1  | Found a runed translucent door.
 51546 | Crypt:1  | Noticed Owosan's ghost (veteran GnHW)
 51547 | Crypt:1  | Noticed an ancient lich
 51565 | Crypt:1  | Learned a level 5 spell: Silence
 51661 | Crypt:1  | Reached skill level 1 in Hexes
 51972 | Crypt:1  | Identified the +2 robe "Ligaud" {+Blink rCorr}
 52438 | Crypt:1  | Reached XP level 23. HP: 176/196 MP: 21/35
 52532 | Crypt:1  | Killed Owosan's ghost
 52554 | Crypt:1  | Killed an ancient lich
 53098 | Crypt:2  | Reached skill level 1 in Air Magic
 53634 | Crypt:3  | Entered Level 3 of the Crypt
 53876 | Crypt:3  | Reached skill level 5 in Hexes
 54488 | Crypt:3  | Received a gift from Okawaru
 54584 | Crypt:3  | Found a staircase to the Tomb.
 55403 | Crypt:3  | Received a gift from Okawaru
 55434 | Crypt:3  | Found a basalt altar of Yredelemnul.
 56137 | Crypt:3  | Identified the +0 pair of gloves of Qovi Vea {Dex+2}
 57017 | Depths:1 | Entered Level 1 of the Depths
 57024 | Depths:1 | Found a one-way gateway to a ziggurat.
 57355 | Depths:1 | Found a glowing silver altar of Zin.
 57421 | Depths:1 | Reached skill level 17 in Invocations
 57721 | Depths:1 | Reached XP level 24. HP: 163/204 MP: 27/36
 57947 | Depths:1 | Found Hoify's Fire Supplies.
 57956 | Depths:1 | Bought a +1 pair of gloves of fire resistance for 330 gold
                  | pieces
 57977 | Depths:1 | Got the Guidebook on Heat and Assaults
 58046 | Depths:1 | Found a gateway to Hell.
 58325 | Depths:1 | Found a one-way gate leading to the halls of Pandemonium.
 58355 | Depths:1 | Found a glowing silver altar of Zin.
 58409 | Depths:1 | Found Hoify's Fire Supplies.
 58422 | Depths:1 | Found a one-way gateway to a ziggurat.
 58534 | Depths:1 | Found a gateway to Hell.
 58676 | Depths:1 | Bought a +2 pair of boots of fire resistance for 430 gold
                  | pieces
 59495 | Depths:2 | Received a gift from Okawaru
 59599 | Depths:2 | Found an ancient bone altar of Kikubaaqudgha.
 59692 | Depths:2 | Reached skill level 5 in Air Magic
 59749 | Depths:2 | Reached skill level 10 in Hexes
 59773 | Depths:2 | Reached skill level 10 in Spellcasting
 59775 | Depths:2 | Noticed Bai Suzhen
 59787 | Depths:2 | Killed Bai Suzhen
 59796 | Depths:2 | Reached skill level 18 in Invocations
 60092 | Depths:2 | Noticed Mara
 60107 | Depths:2 | Noticed Ge0ff's illusion
 60665 | Depths:2 | Noticed Ge0ff's illusion
 60683 | Depths:2 | Killed Mara
 60938 | Depths:2 | Found a burning altar of Makhleb.
 61200 | Depths:2 | Received a gift from Okawaru
 61226 | Depths:2 | Identified the +6 scale mail of Weirdness {Int+2}
 61284 | Depths:2 | Found a blossoming altar of Fedhas.
 61413 | Depths:2 | Found a one-way gate to the infinite horrors of the Abyss.
 61526 | Depths:2 | Found a bloodstained altar of Trog.
 61690 | Depths:2 | Found a burning altar of Makhleb.
 61787 | Depths:2 | Found a bloodstained altar of Trog.
 61835 | Depths:2 | Found a blossoming altar of Fedhas.
 61835 | Depths:2 | Found a one-way gate to the infinite horrors of the Abyss.
 62188 | Depths:3 | Noticed the Enchantress
 62202 | Depths:3 | Killed the Enchantress
 62433 | Depths:3 | Received a gift from Okawaru
 62580 | Depths:3 | Identified the +0 cloak of Ejafux {rN+ Regen+} (Okawaru
                  | gifted it to you on level 3 of the Depths)
 62580 | Depths:3 | Received a gift from Okawaru
 62610 | Depths:3 | Reached skill level 19 in Invocations
 62622 | Depths:3 | Reached XP level 25. HP: 181/210 MP: 27/37
 62758 | Depths:3 | Reached skill level 10 in Translocations
 63329 | Depths:3 | Found a white marble altar of Elyvilon.
 63736 | Depths:3 | Noticed Mennas
 63752 | Depths:3 | Killed Mennas
 63907 | Depths:3 | Identified the +1 scale mail of the Arena {rC- Regen+ Str-3
                  | Int+7}
 64000 | Depths:3 | Reached skill level 20 in Invocations
 64182 | Depths:3 | Found an ornate altar of the Wu Jian Council.
 64252 | Depths:4 | Entered Level 4 of the Depths
 64559 | Depths:4 | Found Nomic's Distillery.
 64561 | Depths:4 | Found Gautwugh's Magic Scroll Boutique.
 64563 | Depths:4 | Found Zeawk's Armour Shop.
 64567 | Depths:4 | Bought a potion of mutation for 96 gold pieces
 64567 | Depths:4 | Bought a potion of curing for 36 gold pieces
 64567 | Depths:4 | Bought a potion of invisibility for 96 gold pieces
 64567 | Depths:4 | Bought a potion of resistance for 120 gold pieces
 64567 | Depths:4 | Bought a potion of enlightenment for 60 gold pieces
 64567 | Depths:4 | Bought a potion of magic for 96 gold pieces
 64567 | Depths:4 | Bought a potion of haste for 120 gold pieces
 64569 | Depths:4 | Bought a scroll of teleportation for 54 gold pieces
 64569 | Depths:4 | Bought a scroll of blinking for 135 gold pieces
 64569 | Depths:4 | Bought a scroll of teleportation for 54 gold pieces
 64569 | Depths:4 | Bought a scroll of magic mapping for 135 gold pieces
 64569 | Depths:4 | Bought a scroll of enchant weapon for 135 gold pieces
 65005 | Depths:4 | Found Jeasis's Armour Emporium.
 65026 | Depths:4 | Noticed a juggernaut
 65044 | Depths:4 | Killed a juggernaut
 65496 | Depths:4 | Found a gate to the Realm of Zot.
 66431 | Vaults:5 | Entered Level 5 of the Vaults
 66433 | Vaults:5 | Noticed an ancient lich
 66446 | Vaults:5 | Killed an ancient lich
 66447 | Vaults:5 | Reached skill level 21 in Invocations
 66526 | Vaults:5 | Received a gift from Okawaru
 66713 | Vaults:5 | Received a gift from Okawaru
 66776 | Vaults:5 | Received a gift from Okawaru
 66807 | Vaults:5 | Noticed a dread lich
 66829 | Vaults:5 | Killed a dread lich
 66899 | Vaults:5 | Received a gift from Okawaru
 67030 | Vaults:5 | Reached XP level 26. HP: 218/218 MP: 28/37
 67055 | Vaults:5 | Identified the ring "Siek" {rC++ SInv}
 67084 | Vaults:5 | Reached skill level 22 in Invocations
 67366 | Vaults:5 | Noticed an ancient lich
 67384 | Vaults:5 | Killed an ancient lich
 67385 | Vaults:5 | Reached skill level 10 in Air Magic
 67537 | Vaults:5 | Received a gift from Okawaru
 67554 | Vaults:5 | Reached skill level 15 in Dodging
 67583 | Vaults:5 | Identified the +1 demon whip "Jilumen" {venom, rF- Dex+4}
 67604 | Vaults:5 | Received a gift from Okawaru
 67971 | Vaults:5 | Identified the amulet of Okhlin {Regen+ Str+4}
 68154 | Vaults:5 | Identified the +1 long sword "Suhiturer" {venom, rPois
                  | Int+3}
 68267 | Vaults:5 | Got a silver rune of Zot
 68830 | Zot:1    | Entered Level 1 of the Realm of Zot
 68870 | Depths:4 | Received a gift from Okawaru
 69405 | Depths:4 | Received a gift from Okawaru
 70113 | Zot:1    | Reached skill level 15 in Throwing
 70125 | Zot:1    | Received a gift from Okawaru
 72287 | Zot:2    | Reached XP level 27. HP: 218/229 MP: 27/38
 72570 | Zot:2    | Noticed an ancient lich
 72579 | Zot:2    | Killed an ancient lich
 72579 | Zot:2    | Received a gift from Okawaru
 73151 | Zot:4    | Received a gift from Okawaru
 73371 | Zot:4    | Received a gift from Okawaru
 74644 | Zot:3    | Received a gift from Okawaru
 75044 | Zot:3    | Identified the +10 short sword of Mioss {protect, Str+2}
 75779 | Zot:4    | Received a gift from Okawaru
 75917 | Zot:4    | Identified the +6 lajatang "Ketid" {flame, rF+} (Okawaru
                  | gifted it to you on level 4 of the Realm of Zot)
 75917 | Zot:4    | Received a gift from Okawaru
 76427 | Zot:5    | Entered Level 5 of the Realm of Zot
 77231 | Zot:5    | Reached skill level 10 in Stealth
 77414 | Zot:5    | Reached skill level 15 in Armour
 77460 | Zot:5    | Received a gift from Okawaru
 77513 | Zot:5    | Noticed an ancient lich
 77517 | Zot:5    | Killed an ancient lich
 77525 | Zot:5    | Noticed a dread lich
 77529 | Zot:5    | Killed a dread lich
 77531 | Zot:5    | Noticed an orb of fire
 77543 | Zot:5    | Gained mutation: You are weak. (Str -2) [an orb of fire]
 77548 | Zot:5    | Killed an orb of fire
 77597 | Zot:5    | Noticed a dread lich
 77602 | Zot:5    | Killed a dread lich
 77780 | Zot:5    | Noticed an ancient lich
 77780 | Zot:5    | Noticed an orb of fire
 77801 | Zot:5    | Killed an orb of fire
 77801 | Zot:5    | Identified the +0 buckler "Gyletedgh" {Str+5 Int+4 Dex-4}
                  | (Okawaru gifted it to you on level 5 of the Realm of Zot)
 77801 | Zot:5    | Received a gift from Okawaru
 77805 | Zot:5    | Killed an ancient lich
 77807 | Zot:5    | Noticed a dread lich
 77812 | Zot:5    | Noticed an ancient lich
 77820 | Zot:5    | Killed a dread lich
 77830 | Zot:5    | Killed an ancient lich
 77889 | Zot:5    | Noticed a dread lich
 77901 | Zot:5    | Killed a dread lich
 77970 | Zot:5    | Noticed a dread lich
 77978 | Zot:5    | Killed a dread lich
 78434 | Zot:5    | Noticed an orb of fire
 78447 | Zot:5    | Killed an orb of fire
 78470 | Zot:5    | Noticed an ancient lich
 78479 | Zot:5    | Killed an ancient lich
 78548 | Zot:5    | Noticed an orb of fire
 78554 | Zot:5    | Gained mutation: Potions are less effective at restoring
                  | your health. [an orb of fire]
 78563 | Zot:5    | Killed an orb of fire
 78697 | Zot:5    | Noticed an orb of fire
 79940 | Zot:5    | Lost mutation: Potions are less effective at restoring your
                  | health. [an orb of fire]
 79941 | Zot:5    | Gained mutation: You are occasionally teleported next to
                  | monsters. [an orb of fire]
 79944 | Zot:5    | Killed an orb of fire
 79961 | Zot:5    | Lost mutation: You are occasionally teleported next to
                  | monsters. [potion of mutation]
 79961 | Zot:5    | Lost mutation: You are weak. (Str -2) [potion of mutation]
 79961 | Zot:5    | Gained mutation: You have hidden genetic potential. [potion
                  | of mutation]
 79961 | Zot:5    | Gained mutation: Armour fits poorly on your strangely
                  | shaped body. [potion of mutation]
 79961 | Zot:5    | Gained mutation: Your flesh is heat resistant. (rF+)
                  | [potion of mutation]
 80073 | Zot:5    | Received a gift from Okawaru
 80305 | Zot:5    | Lost mutation: Your flesh is heat resistant. (rF+) [potion
                  | of mutation]
 80305 | Zot:5    | Lost mutation: Armour fits poorly on your strangely shaped
                  | body. [potion of mutation]
 80305 | Zot:5    | Gained mutation: Your mind is acute. (Int +4, Str/Dex -1)
                  | [potion of mutation]
 80305 | Zot:5    | Gained mutation: You have supernaturally acute eyesight.
                  | (SInv) [potion of mutation]
 80305 | Zot:5    | Gained mutation: You are partially covered in iridescent
                  | scales. (AC +2) [potion of mutation]
 80305 | Zot:5    | Gained mutation: Your muscles are strong. (Str +4, Int/Dex
                  | -1) [potion of mutation]
 80309 | Zot:5    | Got the Orb of Zot
 80853 | D:11     | Noticed Cavufe the pandemonium lord
 80882 | D:9      | Noticed Piuplez the pandemonium lord
 80955 | D:5      | Noticed Iplasutoell the pandemonium lord
 81113 | D:$      | Escaped with the Orb!

Illustrated notes

Levels and vault maps discovered:
D:1:      scummos_arrival_forest, layout_loops_corners, minmay_lizard_pond
D:2:      layout_basic, serial_shops, nicolae_shop_behind_doors
D:3:      layout_basic, nicolae_ru_sacrificial_ziggurat,
          shapermc_ecumenical_altar_starsandcircs, kennysheep_minor_cross,
          glass_columns_b, uniq_terence
D:4:      layout_loops_corners, st_stairs_7
D:5:      nicolae_cairo_tiling_large_dashed, layout_loops_ring,
          lightli_temple_of_fire, lemuel_coloured_pillars_altar,
          mainiacjoe_overflow_six_doors_small, serial_shops,
          nicolae_shop_window_shopping, minmay_misc_feat_rugged
D:6:      layout_cave_pools, regret_index_temple_of_mockery, serial_shops, shop,
          uniq_pikel
D:7:      cheibrodos_shockbox, layout_cave_pods, old_standard_altar,
          mainiacjoe_overflow_concentric_impassable, kennysheep_generic_room_14,
          uniq_prince_ribbit1
D:8:      layout_cave_pools, enter_bailey_5, biasface_ghost_orc_armoury
D:9:      minmay_the_grid_octo_2x2 [minmay_the_grid_octo_horde,
          minmay_the_grid_octo_toaster, minmay_the_grid_octo_checkerflower,
          minmay_the_grid_octo_prize_ultimate_mussel_roller], layout_basic,
          kennysheep_kite_vault, uniq_erica, uniq_harold, uniq_maurice,
          uniq_maggie
D:10:     layout_rooms, nicolae_benzene_ring, uniq_erolcha
D:11:     layout_irregular_city, due_lair_maze_entry_diamond,
          portal_ice_cave_entry_pillars_1
D:12:     layout_rooms, erik_orc_1, serial_shops, shop, minivault_12,
          uniq_azrael, uniq_frances
D:13:     hangedman_cross_stitches, layout_loops_cross, grunt_decor_one_mirror,
          dreamdust_wishing_well, nrook_mini_vaults, fedhas_ov_isle_minmay
D:14:     gammafunk_its_a_trap, layout_layer_cave,
          lightli_vaults_fourway_checkpoint, nicolae_uskayaw_dance_hall,
          grunt_ministairs_14, nicolae_water_bricks, uniq_nessos, uniq_lodul
D:15:     grunt_enter_depths_magical_seal, layout_gridville, serial_park_tiny_2,
          serial_shops, shop, okawaru_trees_1
Temple:   eino_temple_lava
Lair:1:   layout_concentric_octagons, gammafunk_ghost_icy, serial_bayou_crossing
Lair:2:   layout_loops_ring, minmay_snake_entry_spellcaster,
          gammafunk_ghost_hive, chequers_serial_rivers_micro_e,
          nzn_masters_of_martial_movement, infiniplex_staircase_pool_2,
          uniq_amaemon
Lair:3:   layout_gridlike, nicolae_swamp_entry_spooky
Lair:4:   layout_loops_ring, slime_entry_1, grunt_megastairs_4,
          serial_bayou_shore_a
Lair:5:   minmay_lair_end_frog_pond, layout_cave_pods, uniq_rupert
Swamp:1:  layout_falls_marsh, evilmike_swamp_ruin_house_6, swamp_pool5,
          nicolae_swamp_very_dense_foliage
Swamp:2:  layout_basic_swamp, evilmike_swamp_ruin_house_3, uniq_mlioglotl,
          uniq_jorgrun
Swamp:3:  layout_falls_marsh, evilmike_swamp_ruin_house_4
Swamp:4:  swamp_vile, layout_basic_swamp, swamp_pool4
Snake:1:  layout_basic, serial_shops, shop
Snake:2:  layout_rooms, uniq_vashnia, uniq_aizul, uniq_roxanne
Snake:3:  layout_misc_corridors, nicolae_snake_salamander_jacuzzi, uniq_asterion
Snake:4:  minmay_snake_end_coiled, layout_misc_corridors
Orc:1:    cheibrodos_orc_guarddog, layout_caves, uniq_urug
Orc:2:    grunt_orc_cross, layout_diamond_mine, minmay_shop_mass,
          nicolae_orc_lava_room
Elf:1:    nicolae_elf_arrival_dilemma, layout_gridlike, hangedman_elf_disciples,
          uniq_kirke
Elf:2:    elven_hall_of_blades_hangedman_original [nicolae_blade_little_rooms],
          layout_geoelf_octagon, basic_altar
Elf:3:    minmay_elf_hall_dome, layout_geoelf_diagonals, grunt_ministairs_9,
          hangedman_elven_ridges, hex_large
Vaults:1: v_misc_1, v_misc_32, v_misc_15, ontoclasm_vaults_pinch,
          nicolae_vaults_tetromino_Z_2, nicolae_vaults_more_shelving_1,
          nicolae_vaults_alarming, ontoclasm_vaults_decontamination,
          nicolae_vaults_trapezoid_lopsided_1, nicolae_vaults_surprise_closet,
          layout_vaults_big_room
Vaults:2: v_rooms_6, nicolae_vaults_cornered_office,
          nicolae_vaults_surprise_closet, nicolae_vaults_mini_display_case,
          nicolae_vaults_bisected_exclaves, nicolae_vaults_diamond_1,
          nicolae_vaults_stairing_the_circle, vaults_room_pools,
          nicolae_vaults_tetromino_T_1, nicolae_vaults_trapezoid_1,
          layout_vaults_omnicross
Vaults:3: nicolae_vaults_security_offices_3, ontoclasm_vaults_ring_square,
          vaults_standard_mumra_lines, v_rooms_2, nicolae_vaults_stepped_doors,
          vaults_dpeg_encased_lava, nicolae_vaults_house_1,
          grunt_vaults_hallway_short, vaults_room_door_ring,
          ontoclasm_vaults_ring_square, nicolae_vaults_house_1,
          layout_vaults_omnigrid, dummy_crypt_entry, serial_shops, shop_statue
Vaults:4: nicolae_vaults_trapezoid_2, nicolae_vaults_arrows, v_rooms_4,
          nicolae_vaults_library_corner, nicolae_vaults_tetromino_Z_2,
          nicolae_vaults_ninety_degrees, nicolae_vaults_six-pack, serial_ice_g,
          v_misc_13, v_misc_3, v_misc_30, nicolae_vaults_house_3,
          layout_vaults_maze_bifur, serial_shops,
          nicolae_shop_temple_entry_statues_fountains
Vaults:5: serial_shops
Crypt:1:  layout_chaotic_city, ebering_ghost_inner_flame, uniq_josephina
Crypt:2:  layout_misc_corridors
Crypt:3:  evilmike_haunted_forest
Depths:1: layout_cave_shapes, enter_ziggurat_d, rand_demon_pan_entry_4,
          hell_entry, nicolae_shop_fire_sale [nicolae_sub_dead_trees],
          zin_statuary
Depths:2: grunt_profane_halls [grunt_profane_temple_geh,
          grunt_profane_temple_dis, grunt_profane_temple_coc,
          grunt_profane_temple_tar, grunt_profane_loot], pan_entry, hell_entry,
          abyss_entry, uniq_bai_suzhen, uniq_mara
Depths:3: minmay_quantized_circle, layout_small_grid, abyss_entry_glasseish,
          elyvilon_altar_3, hell_entry, pdpol_wu_jian_five_deadly_venoms,
          uniq_enchantress, uniq_mennas
Depths:4: evilmike_zot_entry_argh, layout_cave_shapes, nicolae_twisting_strands,
          serial_shops, shop, pf_vacation_house_of_asmodeus, minmay_shop_star
Zot:1:    grunt_twist_and_shout, layout_onion, lemuel_baited_zot_trap
Zot:2:    grunt_deathspiral_small, layout_concentric_octagons
Zot:3:    kennysheep_spiral_hall, layout_gridlike
Zot:4:    layout_misc_corridors
Zot:5:    layout_misc_corridors, kennysheep_underground_church

Skill      XL: |  1  2  3  4  5  6  7  8  9 10 11 12 13 14 15 16 17 18 19 20 21 22 23 24 25 26 27 |
---------------+----------------------------------------------------------------------------------+-----
Polearms       | 4 5 7 8 9 11 13 14 15 16 17 18 19 | 19.8
Fighting       | 4 6 8 9 10 12 15 16 17 18 19 20 21 | 21.5
Dodging        | 3 4 5 6 9 10 12 13 14 19 21 | 21.5
Armour         | 1 3 4 5 6 7 8 9 10 11 12 13 15 | 15.0
Invocations    | 4 7 8 9 11 12 13 14 15 16 17 19 21 22 | 22.7
Evocations     | 3 6 7 8 10 11 12 13 14 15 16 | 16.2
Stealth        | 6 12 | 12.0
Throwing       | 4 6 7 9 10 11 12 13 14 15 20 | 20.0
Staves         | 2 |  2.0
Spellcasting   | 2 4 6 7 9 10 | 10.0
Translocations | 2 4 5 7 8 9 11 12 | 12.0
Hexes          | 2 8 12 | 12.0
Air Magic      | 4 6 9 10 | 10.0

Action                     |  1- 3 |  4- 6 |  7- 9 | 10-12 | 13-15 | 16-18 | 19-21 | 22-24 | 25-27 || total
---------------------------+-------+-------+-------+-------+-------+-------+-------+-------+-------++-------
  Melee: Spear             |    51 |    11 |       |       |       |       |       |       |       ||    62
         Trident           |       |   131 |   262 |   588 |   532 |    84 |       |       |       ||  1597
         Punch             |       |       |     1 |    13 |     9 |     1 |       |    14 |    40 ||    78
         Halberd           |       |       |       |    19 |   442 |  1508 |  1482 |  1298 |   125 ||  4874
         Tailslap          |       |       |       |     1 |    17 |       |       |       |     1 ||    19
         Demon trident     |       |       |       |       |       |       |       |   816 |  1856 ||  2672
         Lajatang          |       |       |       |       |       |       |       |     5 |       ||     5
  Throw: Dart              |       |    10 |    25 |    31 |    62 |     3 |       |     4 |     6 ||   141
         Boomerang         |       |       |       |    12 |       |   138 |   238 |   245 |   252 ||   885
         Throwing net      |       |       |       |       |     1 |       |       |       |       ||     1
         Javelin           |       |       |       |       |       |       |       |    81 |   219 ||   300
   Cast: Blink             |       |       |       |       |       |       |       |     7 |     2 ||     9
         Apportation       |       |       |       |       |       |       |       |    12 |     8 ||    20
         Manifold Assault  |       |       |       |       |       |       |       |       |    13 ||    13
         Silence           |       |       |       |       |       |       |       |       |     5 ||     5
 Invoke: Heroism           |       |       |     2 |     9 |    11 |    11 |     2 |     4 |     7 ||    46
         Finesse           |       |       |       |       |     9 |    15 |    13 |    17 |    20 ||    74
  Evoke: Wand              |       |     2 |       |     3 |     3 |     4 |    20 |     5 |    27 ||    64
         Tin of tremorston |       |       |       |     2 |     6 |     6 |     7 |     7 |    10 ||    38
         Phial of floods   |       |       |       |     1 |     1 |     2 |     3 |     3 |     2 ||    12
         Lightning rod     |       |       |       |       |    11 |    20 |    21 |    25 |    24 ||   101
    Use: Scroll            |     1 |     6 |     6 |     6 |     7 |    11 |     8 |    15 |    31 ||    91
         Potion            |       |       |       |     4 |     2 |     4 |     1 |     7 |    24 ||    42
   Stab: Sleeping          |     2 |     9 |       |       |     2 |       |       |       |       ||    13
         Distracted        |       |     2 |       |     1 |     2 |     2 |     2 |     1 |     2 ||    12
         Held in net/web   |       |       |       |       |     1 |       |       |       |       ||     1
         Invisible         |       |       |       |       |       |       |       |       |     9 ||     9
         Confused          |       |       |       |       |       |       |       |       |     1 ||     1
 Armour: Leather armour    |     8 |     2 |       |       |       |       |       |       |       ||    10
         Scale mail        |       |    31 |    45 |    38 |   191 |    16 |       |       |       ||   321
         Chain mail        |       |       |       |   162 |       |   308 |   291 |       |       ||   761
         Ice dragon scales |       |       |       |       |    22 |       |       |       |       ||    22
         Storm dragon scal |       |       |       |       |       |   383 |   413 |  1187 |  1128 ||  3111
  Dodge: Dodged            |    22 |    51 |    77 |   177 |   256 |   480 |   565 |   897 |  1100 ||  3625

Table legend: (Time is in decaauts)
 A = Elapsed time spent in this place.
 B = Non-inter-level travel time spent in this place.
 C = Inter-level travel time spent in this place.
 D = Time resting spent in this place.
 E = Time spent auto-exploring this place.
 F = Levels seen in this place.
 G = Mean time per level.
                   A        B        C        D        E       F      G
               +--------+--------+--------+--------+--------+-----+--------+
         Total |  77179 |  71706 |   5473 |   6528 |  46059 |  54 | 1429.2 |
       Dungeon |  18257 |  15949 |   2308 |    623 |  11075 |  15 | 1217.1 |
        Temple |     68 |     59 |      9 |      0 |     50 |   1 |   68.0 |
          Lair |   5571 |   5110 |    461 |    181 |   3775 |   5 | 1114.2 |
         Swamp |   2996 |   2903 |     93 |    418 |   1579 |   4 |  749.0 |
     Snake Pit |   4866 |   4561 |    305 |    543 |   2654 |   4 | 1216.5 |
  Orcish Mines |   1768 |   1623 |    145 |    293 |    943 |   2 |  884.0 |
   Elven Halls |   5037 |   4797 |    240 |    596 |   2929 |   3 | 1679.0 |
        Vaults |  11199 |  10482 |    717 |    518 |   7289 |   5 | 2239.8 |
         Crypt |   5456 |   5108 |    348 |    158 |   3436 |   3 | 1818.7 |
        Depths |   9881 |   9548 |    333 |   1070 |   6145 |   4 | 2470.2 |
           Zot |  10495 |   9986 |    509 |   1525 |   5857 |   5 | 2099.0 |
         Abyss |     15 |     15 |      0 |      0 |      0 |   1 |   15.0 |
        Bailey |    497 |    497 |      0 |     94 |    155 |   1 |  497.0 |
      Ice Cave |   1068 |   1068 |      0 |    504 |    170 |   1 | 1068.0 |
               +--------+--------+--------+--------+--------+-----+--------+

Top non-repeatable levels by time:
   Zot:5: 3445 daAuts
Vaults:3: 3404 daAuts
Depths:2: 3336 daAuts
 Crypt:3: 2930 daAuts
Depths:4: 2762 daAuts
Vaults:4: 2491 daAuts
   Elf:2: 2330 daAuts
   Zot:3: 2129 daAuts
    D:14: 2100 daAuts
 Snake:4: 2040 daAuts
Vaults:5: 1961 daAuts
Depths:1: 1919 daAuts
Depths:3: 1862 daAuts
     D:9: 1848 daAuts
   Zot:2: 1833 daAuts
